 Dungeon Crawl Stone Soup version 0.21.0-3-g78d12a8 (webtiles) character file.

2102 tidbits the Skirmisher (level 9, -7/49 HPs)
             Began as a Vine Stalker Wizard on Jan 11, 2018.
             Was a Priest of Cheibriados.
             Mangled by an orc warrior
             ... wielding a +0 trident
              (10 damage)
             ... on level 8 of the Dungeon.
             The game lasted 00:23:44 (3365 turns).

tidbits the Skirmisher (Vine Stalker Wizard)        Turns: 3365, Time: 00:23:45

Health: -7/49      AC:  8    Str: 27    XL:     9   Next: 28%
Magic:  0/14       EV: 21    Int: 26    God:    Cheibriados [***...]
Gold:   98         SH:  0    Dex: 25    Spells: 6/14 levels left

rFire    . . .     SeeInvis .   v - +0 war axe (venom)
rCold    . . .     Gourm    .   (no shield)
rNeg     . . .     Faith    .   B - +0 ring mail
rPois    .         Spirit   +   E - +0 helmet
rElec    .         Reflect  .   C - +0 cloak
rCorr    .         Harm     .   G - +0 pair of gloves
MR       +....                  (no boots)
Stlth    ++++......             (no amulet)
HPRegen  0.56/turn              (no ring)
MPRegen  0.14/turn              (no ring)

@: mighty, agile, very slow
A: fangs 3, regeneration 1, magic shield, antimagic bite, no potion heal 3, rot
immunity
a: Bend Time, Temporal Distortion, Renounce Religion


You were on level 8 of the Dungeon.
You worshipped Cheibriados.
Cheibriados was most pleased with you.
You were not hungry.

You visited 1 branch of the dungeon, and saw 8 of its levels.

You collected 259 gold pieces.
You spent 161 gold pieces at shops.

Inventory:

Hand Weapons
 a - a +0 dagger
 d - a +1 dagger of venom
   (You took it off an orc wizard on level 8 of the Dungeon)
 j - a +0 short sword of speed
   (You took it off a kobold on level 2 of the Dungeon)
 n - a -1 short sword
 p - a +2 short sword of distortion
   (You took it off a kobold on level 2 of the Dungeon)
 q - a +2 flail of crushing
   (You took it off a gnoll on level 3 of the Dungeon)
 s - a +0 dagger of freezing
   (You took it off a goblin on level 2 of the Dungeon)
 t - a +0 war axe
 v - a +0 war axe of venom (weapon)
   (You took it off an orc priest on level 5 of the Dungeon)
 Q - a +0 dagger of venom
   (You took it off an orc priest on level 5 of the Dungeon)
Missiles
 e - 56 arrows
Armour
 b - a +0 hat
 g - a +0 robe
 B - a +0 ring mail (worn)
 C - a +0 cloak (worn)
 D - a +0 ring mail
 E - a +0 helmet (worn)
 G - a +0 pair of gloves (worn)
 P - the +0 robe of Qahick {rPois rC++ Str-4 Stlth+}
   (You found it on level 7 of the Dungeon)

   It affects your strength (-4).
   It greatly protects you from cold.
   It protects you from poison.
   It makes you more stealthy.
 R - a +0 chain mail of cold resistance
   (You took it off an orc on level 8 of the Dungeon)
Jewellery
 y - an uncursed ring of fire
   (You found it on level 4 of the Dungeon)
Wands
 z - a wand of flame (44)
Scrolls
 h - 2 scrolls of teleportation
 l - a scroll of fear {unknown}
 o - a scroll of immolation {unknown}
 r - a scroll of remove curse
 u - a scroll of fog {unknown}
 w - a scroll of enchant weapon
 K - a scroll of amnesia {unknown}
 M - a scroll of blinking
Potions
 i - 2 potions of heal wounds {unknown}
 k - 2 potions of haste
 m - a potion of resistance
 x - 2 potions of agility
 A - 5 potions of curing
 F - 2 potions of cancellation
Books
 c - a book of Minor Magic

   Spells                             Type                      Level
   a - Magic Dart                     Conjuration                  1
   b - Blink                          Translocation                2
   c - Call Imp                       Summoning                    2
   d - Slow                           Hexes                        2
   e - Conjure Flame                  Conjuration/Fire             3
   f - Mephitic Cloud                 Conjuration/Poison/Air       3
 H - a book of Cantrips
   (You found it on level 5 of the Dungeon)

   Spells                             Type                      Level
   a - Confusing Touch                Hexes                        1
   b - Animate Skeleton               Necromancy                   1
   c - Summon Small Mammal            Summoning                    1
   d - Apportation                    Translocation                1
 I - a book of Necromancy
   (You found it on level 5 of the Dungeon)

   Spells                             Type                      Level
   a - Pain                           Necromancy                   1
   b - Animate Skeleton               Necromancy                   1
   c - Vampiric Draining              Necromancy                   3
   d - Regeneration                   Charms/Necromancy            3
   e - Animate Dead                   Necromancy                   4
   f - Borgnjor's Vile Clutch         Necromancy/Earth             5
 L - a book of Frost
   (You found it on level 6 of the Dungeon)

   Spells                             Type                      Level
   a - Freeze                         Ice                          1
   b - Throw Frost                    Conjuration/Ice              2
   c - Ozocubu's Armour               Charms/Ice                   3
   d - Throw Icicle                   Conjuration/Ice              4
   e - Summon Ice Beast               Ice/Summoning                4
 O - a book of Misfortune
   (You found it on level 7 of the Dungeon)

   Spells                             Type                      Level
   a - Confusing Touch                Hexes                        1
   b - Confuse                        Hexes                        3
   c - Gell's Gravitas                Translocation                3
   d - Petrify                        Transmutation/Earth          4
   e - Metabolic Englaciation         Hexes/Ice                    5
   f - Yara's Violent Unravelling     Hexes/Transmutation          5
Comestibles
 J - 12 rations


   Skills:
 + Level 6.9 Fighting
 - Level 3.1 Short Blades
 + Level 5.1 Dodging
 - Level 6.8 Stealth
 - Level 3.2 Spellcasting
 - Level 1.0 Conjurations
 - Level 1.0 Summonings
 - Level 1.0 Translocations
 - Level 3.0 Invocations


You had 6 spell levels left.
You knew the following spells:

 Your Spells              Type           Power        Failure   Level  Hunger
a - Magic Dart            Conj           #...         9%          1    None
b - Blink                 Tloc           N/A          14%         2    #......
i - Call Imp              Summ           #.......     14%         2    #......
n - Animate Skeleton      Necr           N/A          14%         1    None
t - Confusing Touch       Hex            #.....       14%         1    None
A - Apportation           Tloc           #.....       9%          1    None


Dungeon Overview and Level Annotations

Branches:
Dungeon (8/15)             Temple (0/1) D:6
   Lair: D:8-11

Altars:
Cheibriados

Shops:
D:5 ?


Innate Abilities, Weirdness & Mutations

You have razor-sharp teeth.
Your natural rate of healing is unusually fast.
When hurt, damage is shared between your health and your magic reserves.
Your bite disrupts and absorbs the magic of your enemies.
Potions cannot restore your health.
You are immune to rotting.


Message History

The big kobold hits you but does no damage.
The orc warrior hits you from afar with a trident.
* * * LOW HITPOINT WARNING * * *
The kobold hits you but does no damage. The orc priest misses you.
Unknown command.
You slash the orc priest!
The orc priest is poisoned.
You bite the orc priest. You drain its power.
You feel invigorated.
You kill the orc priest!
Cheibriados appreciates the change of pace.
You hit the kobold.
The kobold is poisoned.
You closely miss the big kobold.
You kill the kobold!
Cheibriados appreciates the change of pace.
The orc warrior completely misses you. The steam dragon breathes steam at you.
The ball of steam hits you!
* * * LOW HITPOINT WARNING * * *
The big kobold hits you but does no damage.
The kobold completely misses you. The orc warrior closely misses you.
Unknown command.
Okay, then.
Unknown command.
You slash the kobold!
You kill the kobold!
Cheibriados thoroughly appreciates the change of pace.
You hit the kobold.
You kill the kobold!
Cheibriados appreciates the change of pace.
You slice the big kobold!!
The big kobold is poisoned.
You are engulfed in a cloud of scalding steam.
* * * LOW HITPOINT WARNING * * *
The big kobold is engulfed in a cloud of scalding steam.
The big kobold dies!
The kobold throws a stone.
The stone misses you. The orc warrior misses you. The steam dragon bites you.
* * * LOW HITPOINT WARNING * * *
The steam dragon claws you.
* * * LOW HITPOINT WARNING * * *
Unknown command.
You closely miss the steam dragon. You bite the steam dragon!
You drain its power.
You feel invigorated.
The steam dragon is moderately wounded.
You slash the crocodile!
You are engulfed in a cloud of scalding steam.
The crocodile bites you.
* * * LOW HITPOINT WARNING * * *
The orc warrior hits you from afar with a trident.
* * * LOW HITPOINT WARNING * * *
The steam dragon closely misses you. The steam dragon barely misses you.
The crocodile barely misses you.
You hit the crocodile.
The crocodile is poisoned.
You bite the crocodile! You drain its power.
You feel invigorated.
The crocodile is severely wounded.
You hit the steam dragon.
The steam dragon is poisoned.
You are engulfed in a cloud of scalding steam.
The orc warrior hits you from afar with a trident.
The steam dragon bites you but does no damage.
The steam dragon misses you.
The crocodile is engulfed in a cloud of scalding steam.
The crocodile closely misses you. The steam dragon closely misses you.
The steam dragon completely misses you. The orc warrior barely misses you.
Unknown command.
You slash the crocodile!
You kill the crocodile!
Cheibriados appreciates the change of pace.
You hit the steam dragon but do no damage.
The steam dragon looks as sick as possible!
The steam dragon barely misses you. x2
The orc warrior hits you but does no damage.
The orc priest hits you but does no damage.
Unknown command.
You slash the steam dragon! You bite the steam dragon! You drain its power.
You feel invigorated.
You kill the steam dragon!
Cheibriados appreciates the change of pace.
Your Dodging skill increases to level 5!
You hit the orc priest but do no damage.
You hit the kobold.
You kill the kobold!
Cheibriados appreciates the change of pace.
The orc warrior completely misses you.
The orc priest hits you but does no damage.
Unknown command.
You barely miss the orc priest. Your bite misses the orc priest.
The orc warrior barely misses you.
The orc priest hits you but does no damage. x2
The orc warrior misses you.
You hit the orc priest.
The orc priest is poisoned.
You bite the orc priest! You drain its power.
The orc priest is almost dead.
You kill the orc priest!
Cheibriados thoroughly appreciates the change of pace.
Cheibriados raises the support of your attributes as your movement slows.
The orc warrior hits you from afar with a trident!
* * * LOW HITPOINT WARNING * * *
Evoke which item? (* to show all) (? for menu, Esc to quit)
Okay, then.
The orc warrior hits you with a trident.
* * * LOW HITPOINT WARNING * * *
The orc warrior hits you with a trident!
You die...

#..# #..# ## #..# .##
##.# #######
..##########.## ......#
.......).....(###.<.....
..###########..#).......
.## ###([....... ##
#(@....... # #.o.......
# ##........ #........
#........ #........
##....... .......


You could see an orc warrior.

Vanquished Creatures
  A steam dragon (D:8)
  3 sky beasts
  A necrophage (D:6)
  An ogre (D:5)
  A crocodile (D:8)
  5 bullfrogs
  A big kobold (D:8)
  A scorpion (D:7)
  2 howler monkeys
  A crimson imp (D:5)
  A centaur zombie (D:5)
  7 orc priests
  A hound (D:5)
  A bullfrog skeleton (D:6)
  A jelly (D:5)
  2 orc wizards
  A centaur skeleton (D:5)
  An iguana (D:4)
  7 worker ants
  A worker ant zombie (D:6)
  Robin (D:2)
  4 gnolls (D:3)
  8 adders
  A shadow imp (D:6)
  An adder zombie (D:7)
  An adder skeleton (D:7)
  2 worms
  2 dart slugs
  2 leopard geckos
  10 orcs
  2 giant cockroaches (D:1)
  13 goblins
  13 hobgoblins
  4 jackals
  11 kobolds
  A quokka (D:4)
  10 bats
  3 frilled lizards
  5 rats
134 creatures vanquished.

Vanquished Creatures (others)
  A big kobold (D:8)
1 creature vanquished.

Grand Total: 135 creatures vanquished

Notes
Turn   | Place    | Note
-------+----------+-------------------------------------------
     0 | D:1      | tidbits the Vine Stalker Wizard began the quest for the Orb.
     0 | D:1      | Reached XP level 1. HP: 9/9 MP: 5/5
   128 | D:1      | Reached skill level 3 in Stealth
   128 | D:1      | Reached XP level 2. HP: 14/14 MP: 0/7
   134 | D:1      | Reached skill level 1 in Fighting
   449 | D:1      | Reached XP level 3. HP: 8/18 MP: 1/8
  1060 | D:2      | Noticed Robin
  1137 | D:2      | Reached skill level 1 in Short Blades
  1159 | D:2      | Killed Robin
  1159 | D:2      | Gained mutation: Your natural rate of healing is unusually fast. [Vine Stalker growth]
  1159 | D:2      | Reached XP level 4. HP: 11/23 MP: 1/9
  1190 | D:2      | Reached skill level 4 in Stealth
  1312 | D:2      | Found a snail-covered altar of Cheibriados.
  1334 | D:2      | Became a worshipper of Cheibriados the Contemplative
  1388 | D:3      | Reached skill level 2 in Fighting
  1522 | D:3      | Reached XP level 5. HP: 24/26 MP: 10/10
  1646 | D:4      | Reached skill level 2 in Short Blades
  1827 | D:4      | Reached skill level 5 in Stealth
  1828 | D:4      | Reached * piety under Cheibriados
  1831 | D:4      | Reached skill level 3 in Fighting
  1831 | D:4      | Reached XP level 6. HP: 5/32 MP: 7/11
  2027 | D:5      | Entered Level 5 of the Dungeon
  2047 | D:5      | Learned a level 2 spell: Call Imp
  2050 | D:5      | Learned a level 2 spell: Blink
  2062 | D:5      | Noticed a sky beast
  2065 | D:5      | Killed a sky beast
  2065 | D:5      | Reached skill level 3 in Short Blades
  2086 | D:5      | Found Ager's Magic Scroll Shoppe.
  2089 | D:5      | Bought a scroll of identify for 28 gold pieces
  2089 | D:5      | Bought a scroll of blinking for 105 gold pieces
  2089 | D:5      | Bought a scroll of identify for 28 gold pieces
  2151 | D:5      | Learned a level 1 spell: Apportation
  2153 | D:5      | Learned a level 1 spell: Confusing Touch
  2155 | D:5      | Learned a level 1 spell: Animate Skeleton
  2177 | D:5      | Reached skill level 6 in Stealth
  2177 | D:5      | Reached XP level 7. HP: 36/36 MP: 12/12
  2356 | D:5      | Reached skill level 1 in Invocations
  2538 | D:5      | Reached skill level 4 in Fighting
  2545 | D:5      | Reached skill level 2 in Invocations
  2696 | D:6      | Reached ** piety under Cheibriados
  2768 | D:6      | Found a staircase to the Ecumenical Temple.
  2770 | D:6      | Reached skill level 2 in Dodging
  2770 | D:6      | Gained mutation: You have razor-sharp teeth. [Vine Stalker growth]
  2770 | D:6      | Reached XP level 8. HP: 42/42 MP: 13/13
  2839 | D:6      | Reached skill level 3 in Invocations
  2934 | D:6      | Reached skill level 5 in Fighting
  3000 | D:6      | Reached skill level 3 in Dodging
  3075 | D:7      | Got a fabulously ornate robe
  3128 | D:7      | Identified the cursed +0 robe of Qahick {rPois rC++ Str-4 Stlth+} (You found it on level 7 of the Dungeon)
  3205 | D:8      | Reached *** piety under Cheibriados
  3205 | D:8      | Reached skill level 6 in Fighting
  3205 | D:8      | Reached skill level 4 in Dodging
  3276 | D:8      | Reached XP level 9. HP: 46/49 MP: 14/14
  3362 | D:8      | Reached skill level 5 in Dodging
  3364 | D:8      | HP: 3/49 [orc warrior/trident (7)]
  3365 | D:8      | Mangled by an orc warrior

Skill      XL: |  1  2  3  4  5  6  7  8  9 |
---------------+----------------------------+-----
Stealth        | 3 4 5 6 |  6.8
Fighting       | 1 2 3 4 6 |  6.9
Short Blades   | 1 2 3 |  3.1
Invocations    | 2 3 |  3.0
Dodging        | 2 4 5 |  5.1
Spellcasting   | |  3.2
Conjurations   | |  1.0
Summonings     | |  1.0
Translocations | |  1.0

Action                   |  1- 3 |  4- 6 |  7- 9 || total
-------------------------+-------+-------+-------++-------
Melee: Dagger            |    66 |    96 |    53 ||   215
       Bite              |    16 |    29 |    60 ||   105
       Short sword       |    11 |    12 |       ||    23
       War axe           |       |       |    97 ||    97
       Flail             |       |       |     8 ||     8
 Cast: Magic Dart        |    87 |    11 |     5 ||   103
Invok: Bend Time         |       |       |     1 ||     1
  Use: Scroll            |     3 |     3 |     3 ||     9
       Potion            |     1 |     4 |     2 ||     7
 Stab: Sleeping          |     2 |     7 |     5 ||    14
       Distracted        |       |       |     2 ||     2
  Eat: Chunk             |     1 |     3 |     3 ||     7
Armor: Robe              |    17 |    13 |       ||    30
       Ring mail         |       |     8 |    65 ||    73
Dodge: Dodged            |    62 |    45 |   123 ||   230

Table legend:
 A = Turns spent in this place as a percentage of turns spent in the entire game.
 B = Non-inter-level travel turns spent in this place as a percentage of non-inter-level travel turns spent in the entire game.
 C = Inter-level travel turns spent in this place as a percentage of turns spent in this place.
 D = Turns resting spent in this place as a percentage of non-inter-level travel turns spent in this place.
 E = Turns spent auto-exploring this place as a percentage of non-inter-level travel turns spent in this place.
 F = Non-inter-level travel turns spent in this place divided by the number of levels of this place that you've seen.
                   A       B       C       D       E      F
               +-------+-------+-------+-------+-------+----------------------
         Total | 100.0 | 100.0 |   6.2 |   0.0 |   0.0 | 394.8
       Dungeon | 100.0 | 100.0 |   6.2 |   0.0 |   0.0 | 394.8
               +-------+-------+-------+-------+-------+----------------------

Table legend:
 A = Kills in this place as a percentage of kills in entire the game.
 B = Kills by you in this place as a percentage of kills by you in the entire game.
 C = Kills by friends in this place as a percentage of kills by friends in the entire game.
 D = Other kills in this place as a percentage of other kills in the entire game.
 E = Experience gained in this place as a percentage of experience gained in the entire game.
 F = Experience gained in this place divided by the number of levels of this place that you have seen.
                   A       B       C       D       E      F
               +-------+-------+-------+-------+-------+----------------------
         Total | 100.0 | 100.0 |   N/A | 100.0 | 100.0 | 375.4
       Dungeon | 100.0 | 100.0 |   N/A | 100.0 | 100.0 | 375.4
               +-------+-------+-------+-------+-------+----------------------

Vault maps used:
D:1:      elethiomel_arrival_maze
D:2:      cheibriados_altar_1, first_ration, uniq_robin
D:3:      minmay_misc_feat_more_columns, kennysheep_generic_room_15
D:5:      cheibrodos_quashed, serial_shops, shop, minmay_misc_feat_cross
D:6:      minmay_temple_entry_statues_fountains, grunt_ministairs_6
D:8:      blue_anna_alchemist, uniq_pikel
